 Dungeon Crawl Stone Soup version 0.19.1 (webtiles) character file.

5632 kiernan2 the Carver (level 10, -6/66 HPs)
             Began as a High Elf Skald on Dec 25, 2016.
             Was an Elder of Fedhas.
             Mangled by an orc warrior
             ... wielding a +0 scimitar
              (22 damage)
             ... on level 9 of the Dungeon.
             The game lasted 01:01:57 (13355 turns).

kiernan2 the Carver (High Elf Skald)               Turns: 13355, Time: 01:01:58

Health: -6/66      AC:  9    Str: 13    XL:     10   Next: 46%
Magic:  5/21       EV: 15    Int: 18    God:    Fedhas [****..]
Gold:   614        SH:  0    Dex: 17    Spells: 4 memorised, 15 levels left

rFire  . . .     SeeInvis .     a - +0 falchion
rCold  . . .     Gourm    .     r - +1 leather armour {rPois}
rNeg   . . .     Faith    .     (no shield)
rPois  +         Spirit   .     (no helmet)
rElec  .         Reflect  .     o - +1 cloak
rCorr  +         Harm     .     h - +0 pair of gloves
MR     +....                    (no boots)
Stlth  +++.......               (no amulet)
                                j - ring of resist corrosion
                                i - +2 ring of intelligence

@: infused, singing
A: icy blue scales 1
a: Fungal Bloom, Evolution, Sunlight, Growth, Reproduction, Renounce Religion,
Stop Singing


You were on level 9 of the Dungeon.
You worshipped Fedhas.
Fedhas was greatly pleased with you.
You were not hungry.

You visited 1 branch of the dungeon, and saw 9 of its levels.
You also visited: Sewer.

You collected 614 gold pieces.

Inventory:

Hand Weapons
 a - a +0 falchion (weapon)
Armour
 h - a +0 pair of gloves (worn)
 o - a +1 cloak (worn)
 r - a +1 leather armour of poison resistance (worn)
Jewellery
 e - an uncursed amulet of rage
 i - a +2 ring of intelligence (left hand)
 j - a ring of resist corrosion (right hand)
Wands
 f - a wand of lightning (0/15)
 u - a wand of disintegration (8/24)
 E - a wand of random effects (19/48)
Scrolls
 b - a scroll of fear
 m - 3 scrolls of identify
 q - 4 scrolls of remove curse
 w - a scroll of enchant weapon {unknown}
 x - 2 scrolls of teleportation
 y - a scroll of vulnerability {unknown}
 B - a scroll of summoning {unknown}
Potions
 k - a potion of flight
 l - a potion of brilliance {unknown}
 n - 2 potions of curing
 t - a potion of invisibility
 A - a potion of ambrosia {unknown}
 C - 2 potions of heal wounds
 D - a potion of haste
Books
 c - a book of Battle

   Spells                             Type                      Level
   a - Infusion                       Charms                       1
   b - Shroud of Golubria             Charms/Translocation         2
   c - Song of Slaying                Charms                       2
   d - Spectral Weapon                Hexes/Charms                 3
   e - Regeneration                   Charms/Necromancy            3
 g - Sif Muna's Handbook of the Volcanoes and Battle Magic
   (You found it on level 6 of the Dungeon)

   Spells                             Type                      Level
   a - Throw Icicle                   Conjuration/Ice              4
   b - Bolt of Magma                  Conjuration/Fire/Earth       5
   c - Fireball                       Conjuration/Fire             5
   d - Freezing Cloud                 Conjuration/Ice/Air          6
Comestibles
 d - 6 bread rations
 p - 4 meat rations
 s - 24 fruits
 v - 7 slices of pizza
 z - 3 beef jerkies


   Skills:
 + Level 5.2 Fighting
 + Level 11.1 Long Blades
 + Level 3.5 Armour
 + Level 5.2 Dodging
 + Level 4.6 Stealth
 + Level 7.1 Spellcasting
 + Level 8.2 Charms
 + Level 0.2 Necromancy
 + Level 2.3 Translocations
 + Level 0.9 Invocations
 + Level 0.6 Evocations


You had 15 spell levels left.
You knew the following spells:

 Your Spells              Type           Power        Failure   Level  Hunger
a - Infusion              Chrm           ####         1%          1    None
b - Shroud of Golubria    Chrm/Tloc      ####......   1%          2    None
c - Song of Slaying       Chrm           #####...     1%          2    None
d - Regeneration          Chrm/Necr      ###.......   10%         3    ##.....


Dungeon Overview and Level Annotations

Branches:
Dungeon (9/15)             Temple (0/1) D:4
   Lair: D:8-11         Orc: D:9-12

Altars:
Ashenzari
Cheibriados
Dithmenos
Fedhas
Makhleb
Ru
Trog
Vehumet
Xom
Yredelemnul
Zin

Shops:
D:5 (


Innate Abilities, Weirdness & Mutations

You are partially covered in icy blue scales. (AC +2)


Message History

You closely miss the orc warrior.
The orc warrior is almost dead.
You barely miss the orc warrior.
The orc warrior is almost dead.
You barely miss the orc warrior.
The orc warrior is almost dead.
The orc warrior barely misses you.
You hit the orc warrior.
You kill the orc warrior!
You hit the orc warrior but do no damage.
You hit the orc warrior.
The orc warrior is lightly wounded.
You are no longer magically infusing your attacks.
The orc warrior hits you but does no damage.
Casting: Song of Slaying
Confirm with . or Enter, or press ? or * to list all spells.
You begin infusing your attacks with magical energy.
The orc warrior hits you with a scimitar!!
You die...
Fedhas appreciates your contribution to the ecosystem.

#.# #.#
#.# #.#
#.# #.#
#.# #.#
#@# #o#
#o#
#oo.o....
#ooo.....
##s.o....
#.[.#..
#.## . ##


You could see an orc warrior, a scorpion and 5 orcs.

Vanquished Creatures
  Maurice (D:8)
  Psyche (D:8)
  A human (D:7)
  2 yaks (D:8)
  2 hogs (D:8)
  4 orc warriors
  A sky beast (D:6)
  2 slaves (D:6)
  A black bear (D:9)
  An ice beast (D:6)
  A phantom (D:7)
  2 necrophages (D:9)
  3 ogres
  A centaur (D:5)
  The ghost of Spectrina the Bolt Thrower, an amateur FoHu (D:3)
  3 bullfrogs
  Blork the orc (D:6)
  A scorpion (D:8)
  A howler monkey (D:7)
  6 crimson imps
  2 bullfrog zombies (D:8)
  7 hounds
  4 orc priests
  5 jellies
  2 gnoll shamans (D:4)
  12 orc wizards
  Crazy Yiuf (D:3)
  A bullfrog skeleton (D:8)
  6 worker ants
  4 iguanas
  Ijyb (D:2)
  A killer bee zombie (D:9)
  2 hound skeletons (D:8)
  32 gnolls (D:4)
  6 adders
  A shadow imp (D:8)
  4 oozes
  2 adder zombies
  5 worms
  6 dart slugs
  12 leopard geckos
  23 orcs
  15 bats
  12 giant cockroaches
  7 goblins
  10 hobgoblins
  27 jackals
  9 kobolds
  A quokka (D:6)
  3 ball pythons
  11 frilled lizards
  2 leopard gecko skeletons (D:8)
  10 rats
282 creatures vanquished.

Vanquished Creatures (collateral kills)
  Pikel (D:6)
  2 slaves (D:6)
  The ghost of ErasmusWaits the Caller, an amateur DsSu (Sewer)
  A hound (D:4)
  6 gnolls (D:4)
  A bat (Sewer)
  A giant cockroach (Sewer)
13 creatures vanquished.

Vanquished Creatures (others)
  2 wandering mushrooms
  131 toadstools
133 creatures vanquished.

Grand Total: 428 creatures vanquished

Notes
Turn   | Place    | Note
-------+----------+-------------------------------------------
     0 | D:1      | kiernan2 the High Elf Skald began the quest for the Orb.
     0 | D:1      | Reached XP level 1. HP: 14/14 MP: 4/4
    12 | D:1      | Noticed a merfolk zombie
    18 | D:1      | Noticed a draconian
   120 | D:1      | Reached XP level 2. HP: 10/19 MP: 0/6
   523 | D:1      | Reached skill level 1 in Armour
   795 | D:1      | Reached XP level 3. HP: 15/24 MP: 2/8
  1212 | D:2      | Found a snail-covered altar of Cheibriados.
  1230 | D:2      | Found a shadowy altar of Dithmenos.
  1351 | D:1      | Reached skill level 3 in Long Blades
  1713 | D:2      | Found a blossoming altar of Fedhas.
  1727 | D:2      | Gained mutation: You tend to lose your temper in combat. [potion of mutation]
  1727 | D:2      | Lost mutation: You tend to lose your temper in combat. [potion of mutation]
  1727 | D:2      | Gained mutation: You are partially covered in icy blue scales. (AC +2) [potion of mutation]
  1728 | D:2      | Became a worshipper of Fedhas Madash
  2085 | D:2      | Reached XP level 4. HP: 29/30 MP: 9/9
  2218 | D:3      | Reached * piety under Fedhas
  2356 | D:3      | Noticed Spectrina's ghost (amateur FoHu)
  2360 | D:3      | Found a glowing drain.
  2370 | Sewer    | Entered a sewer
  2386 | Sewer    | Reached skill level 1 in Stealth
  2457 | Sewer    | Noticed ErasmusWaits's ghost (amateur DsSu)
  2471 | Sewer    | Killed ErasmusWaits's ghost
  2471 | Sewer    | Reached XP level 5. HP: 33/35 MP: 11/11
  2494 | Sewer    | Learned a level 2 spell: Shroud of Golubria
  2497 | Sewer    | Learned a level 2 spell: Song of Slaying
  2501 | Sewer    | Learned a level 3 spell: Regeneration
  2537 | Sewer    | Reached skill level 4 in Long Blades
  3477 | D:3      | Killed Spectrina's ghost
  3477 | D:3      | Reached XP level 6. HP: 17/41 MP: 0/12
  3799 | D:3      | Noticed Ijyb
  3831 | D:2      | Killed Ijyb
  3852 | D:2      | Found a bloodstained altar of Trog.
  3887 | D:3      | Reached skill level 5 in Long Blades
  4280 | D:3      | Reached ** piety under Fedhas
  4304 | D:3      | Found a burning altar of Makhleb.
  4638 | D:3      | Found a runed door.
  4642 | D:3      | Noticed Crazy Yiuf
  4648 | D:3      | Killed Crazy Yiuf
  4648 | D:3      | Reached skill level 5 in Charms
  4735 | D:4      | Found a staircase to the Ecumenical Temple.
  4802 | D:4      | Found a sacrificial altar of Ru.
  5047 | D:4      | Found a glowing silver altar of Zin.
  5260 | D:4      | Reached XP level 7. HP: 30/45 MP: 0/14
  5369 | D:4      | Reached skill level 6 in Long Blades
  5992 | D:4      | Reached *** piety under Fedhas
  6362 | D:4      | Reached skill level 7 in Long Blades
  6798 | D:4      | Reached XP level 8. HP: 54/54 MP: 11/15
  7381 | D:5      | Entered Level 5 of the Dungeon
  7701 | D:5      | Found a radiant altar of Vehumet.
  7863 | D:5      | Found a shimmering altar of Xom.
  8193 | D:5      | Found Poineidahe's Antique Weapon Emporium.
  8330 | D:5      | Found a basalt altar of Yredelemnul.
  8581 | D:6      | Noticed Blork the orc
  8592 | D:6      | Killed Blork the orc
  8592 | D:6      | Reached skill level 8 in Long Blades
  8820 | D:6      | Reached skill level 5 in Spellcasting
  8820 | D:6      | Reached skill level 1 in Translocations
  8854 | D:6      | Identified Sif Muna's Handbook of the Volcanoes and Battle Magic
  8977 | D:6      | Noticed a hippogriff
  9459 | D:6      | HP: 1/54 [orc warrior/scimitar (16)]
  9729 | D:6      | Noticed Pikel
  9751 | D:6      | Killed Pikel
  9751 | D:6      | Reached skill level 9 in Long Blades
  9751 | D:6      | Reached XP level 9. HP: 30/59 MP: 5/18
 11367 | D:8      | Noticed Maurice
 11560 | D:8      | Noticed Psyche
 11593 | D:8      | Reached skill level 10 in Long Blades
 11688 | D:8      | Reached skill level 5 in Fighting
 12127 | D:8      | Reached XP level 10. HP: 63/66 MP: 0/20
 12474 | D:8      | Found a blossoming altar of Fedhas.
 12476 | D:8      | Noticed an oklob plant
 12476 | D:8      | Noticed an oklob plant
 12526 | D:8      | Killed Maurice
 12541 | D:8      | Got a distressingly furry scale mail
 12542 | D:8      | Identified the cursed +0 scale mail "Onwiucej" {rPois Str+3 Dex-4} (You found it on level 8 of the Dungeon)
 12627 | D:8      | Killed Psyche
 12894 | D:9      | Found a shattered altar of Ashenzari.
 12968 | D:9      | Reached skill level 11 in Long Blades
 12975 | D:9      | Reached **** piety under Fedhas
 13204 | D:9      | Reached skill level 5 in Dodging
 13355 | D:9      | Mangled by an orc warrior

Skill      XL: |  1  2  3  4  5  6  7  8  9 10 |
---------------+-------------------------------+-----
Charms         | 4 5 6 7 8 |  8.2
Armour         | 1 2 3 |  3.5
Spellcasting   | 3 4 5 6 7 |  7.1
Long Blades    | 3 4 5 7 9 10 11 | 11.1
Stealth        | 1 2 3 4 |  4.6
Dodging        | 2 4 5 |  5.2
Fighting       | 3 4 5 |  5.2
Translocations | 1 2 |  2.3
Necromancy     | |  0.2
Invocations    | |  0.9
Evocations     | |  0.6

Action                   |  1- 3 |  4- 6 |  7- 9 | 10-12 || total
-------------------------+-------+-------+-------+-------++-------
Melee: Falchion          |   114 |   272 |   590 |   180 ||  1156
 Cast: Infusion          |    23 |    35 |    64 |    15 ||   137
       Shroud of Golubri |       |    11 |    26 |    10 ||    47
       Song of Slaying   |       |     5 |     6 |     5 ||    16
       Regeneration      |       |       |     1 |       ||     1
Invok: Fungal Bloom      |     6 |    11 |    25 |     5 ||    47
       Evolution         |       |     1 |     3 |       ||     4
Evoke: Wand              |       |       |       |     3 ||     3
  Use: Scroll            |     3 |     6 |     5 |     1 ||    15
       Potion            |     3 |     7 |     4 |       ||    14
 Stab: Sleeping          |       |     1 |     9 |       ||    10
       Invisible         |       |       |       |     4 ||     4
  Eat: Chunk             |     4 |    12 |    19 |     2 ||    37
       Pizza             |       |       |     1 |       ||     1
       Bread ration      |       |       |     1 |       ||     1
Armor: Leather armour    |    49 |   115 |   145 |    41 ||   350
Dodge: Dodged            |    93 |   175 |   340 |    89 ||   697
       Rpst.: Falchion   |    39 |    59 |   102 |    29 ||   229
